 Dungeon Crawl Stone Soup version 0.28-b1-25-g9875b3fc8c (webtiles) character file.

Game seed: 10275286505751011916

32 sanka the Magician (level 3, -1/20 HPs)
             Began as a Deep Elf Transmuter on Feb 8, 2022.
             Slain by an orc (2 damage)
             ... on level 2 of the Dungeon.
             The game lasted 00:03:04 (2222 turns).

sanka the Magician (Deep Elf Transmuter)            Turns: 2222, Time: 00:03:05

Health: -1/20      AC:  2    Str:  7    XL:     3   Next: 8%
Magic:  7/11       EV: 12    Int: 19    God:
Gold:   59         SH:  0    Dex: 15    Spells: 8/11 levels left

rFire   . . .      SeeInvis .     - Unarmed
rCold   . . .      Faith    .   (no shield)
rNeg    . . .      Spirit   .   a - +0 robe
rPois   .          Reflect  .   (no helmet)
rElec   .          Harm     .   (no cloak)
rCorr   .          Rampage  .   (no gloves)
Will    .....                   (no boots)
Stlth   +.........              (no amulet)
HPRegen 0.06/turn               (no ring)
MPRegen 0.12/turn               (no ring)

@: no status effects
A: no striking features
a: no special abilities


You were on level 2 of the Dungeon.
You visited 1 branch of the dungeon, and saw 4 of its levels.

You collected 59 gold pieces.

Inventory:

Armour
 a - a +0 robe (worn)
Scrolls
 b - a scroll of blinking {unknown}
 c - a scroll of identify {unknown}
 d - a scroll of teleportation {unknown}
 f - a scroll of amnesia {unknown}
Potions
 e - a potion of berserk rage {unknown}


   Skills:
 - Level 0.7 Fighting
 - Level 2.4 Dodging
 - Level 2.4 Unarmed Combat
 + Level 4.5 Spellcasting
 * Level 0.8 Conjurations
 - Level 2.1 Transmutations
 * Level 0.7 Air Magic


You had 8 spell levels left.
You knew the following spells:

 Your Spells              Type           Power      Damage    Failure   Level
a - Beastly Appendage     Tmut           24%        N/A       5%          1
b - Static Discharge      Conj/Air       7%         N/A       14%         2

Your spell library contained the following spells:

 Spells                   Type           Power      Damage    Failure   Level
 Wereblood                Tmut           12%        N/A       9%          2
 Spider Form              Tmut/Pois      8%         N/A       26%         3
 Ice Form                 Ice/Tmut       8%         N/A       63%         4
 Sticky Flame             Conj/Fire      5%         2d3       73%         4
 Dispel Undead            Necr           4%         3d7       78%         4


Dungeon Overview and Level Annotations

Branches:
Dungeon (4/15)
 Temple: D:4-7

Altars:

Shops:
D:1 (


Message History

A kobold comes into view. It is wielding a +0 club.
Casting: Static Discharge (safe; 14% risk of failure)
Confirm with . or Enter, or press ? or * to list all spells.
The ball python is struck by an arc of lightning.
You kill the ball python!
The lightning grounds out.
Unknown command.
Your magical contamination has completely faded away.
An orc wizard and 2 orcs come into view.
A jackal comes into view.
An orc comes into view. It is wielding a +0 short sword.
Found a stone staircase leading up.
The jackal barks!
The orc wizard shouts!
The orc shouts! x2
You hear a shout!
A goblin comes into view. It is wielding a +0 dagger.
Found a stone staircase leading down.
The goblin shouts!
The orc wizard casts a spell.
The orc wizard flickers and vanishes!
Deactivating autopickup; reactivate with Ctrl-A.
The goblin hits you with a +0 dagger.
* * * LOW HITPOINT WARNING * * *
A giant cockroach comes into view.
There is a stone staircase leading up here.
The goblin hits you with a +0 dagger.
* * * LOW HITPOINT WARNING * * *
You climb upwards.
The frilled lizard hisses angrily.
The goblin shouts!
Reactivating autopickup.
Found a scroll labelled ESCHOO GULADO, a leather armour and a short sword.
There is a stone staircase leading down here.
Unknown command.
Casting: Static Discharge (safe; 14% risk of failure)
Confirm with . or Enter, or press ? or * to list all spells.
The orc is struck by an arc of lightning.
The orc is severely wounded.
The lightning grounds out.
The goblin hits you with a +0 dagger.
* * * LOW HITPOINT WARNING * * *
The orc hits you with a +0 hand axe.
You die...

#..........#
#..........#
##########....r.....####
#........#..............
##.#####.#..........l...
#.# #<#.#..............
#.# #.#.#..g..o........
#.# #.#.#..l...@g......
#.# #.#.#..............
#.# #.#.#######.....[..
##.###.#.# ###.....)
#......#.# ......
########........ ......
######### ####.


You could see an orc, 2 goblins, 2 frilled lizards and a rat.

Vanquished Creatures
  2 bats (D:1)
  2 endoplasms
  A giant cockroach (D:1)
  6 goblins (D:1)
  A hobgoblin (D:1)
  2 jackals (D:3)
  6 kobolds
  3 ball pythons
  5 frilled lizards (D:1)
  3 rats (D:1)
31 creatures vanquished.

Notes
Turn   | Place    | Note
-------+----------+-------------------------------------------
     0 | D:1      | sanka the Deep Elf Transmuter began the quest for the Orb.
     0 | D:1      | Reached XP level 1. HP: 11/11 MP: 6/6
   287 | D:1      | Reached skill level 4 in Spellcasting
   287 | D:1      | Reached XP level 2. HP: 13/16 MP: 7/9
   719 | D:1      | Learned a level 2 spell: Static Discharge
  1553 | D:1      | Found Yhupp's Weapon Emporium.
  1895 | D:2      | You fall into a shaft and drop 2 floors!
  1920 | D:3      | Reached XP level 3. HP: 10/20 MP: 3/11
  2222 | D:2      | HP: 1/20 [goblin (1)]
  2222 | D:2      | Slain by an orc

Illustrated notes

Levels and vault maps discovered:
D:1:      heliophobic_arrival_henge, layout_loops_corners, serial_shops, shop,
          minmay_misc_feat_columns, roderic_lattice_a, minmay_tromino_v4_a
D:2:      minmay_spotlight, layout_basic
D:3:      layout_basic, worldfamousw_hep_ancestral_shrine
D:4:      cheibrodos_thug_alley, layout_basic, chequers_decorated_corner

Skill      XL: |  1 |
---------------+----+-----
Spellcasting   | 4 |  4.5
Fighting       | |  0.7
Dodging        | |  2.4
Unarmed Combat | |  2.4
Conjurations   | |  0.8
Transmutations | |  2.1
Air Magic      | |  0.7

Action                   || total
-------------------------++-------
Melee: Unarmed           ||    64
       Kick              ||    13
       Headbutt          ||     6
 Cast: Beastly Appendage ||    20
       Static Discharge  ||     7
Armor: Robe              ||    15
Dodge: Dodged            ||    60
